Map: Babylon LE

Players

电脑难度(专家) - Winner!

  • Race: Zerg Zerg
  • Spawn Location: 5:00

IIIIIIIIIII

  • Race: Protoss Protoss
  • League: Master
  • Spawn Location: 11:00

VOD

Have the link to the VOD?

Description

Time

  • Played on: March 6, 2023, 2:57 a.m.
  • Length: 8:02
Show
View Real Time Build Order
Export as new Build Order

电脑难度(专家) Zerg - Winner!

Build Orders: Hatch First 

Get SALT Encoding   

  12  0:00  Drone  
  13  0:12  Overlord  
  13  0:17  Drone  
  14  0:30  Drone x2  
  14  0:34  Drone  
  17  0:53  Hatchery  
  17  0:56  Drone  
  17  1:12  Spawning Pool  
  17  1:14  Extractor  
  17  1:16  Drone  
  16  1:20  Drone  
  16  1:24  Drone  
  18  1:27  Drone  
  19  1:38  Overlord  
  19  1:49  Drone  
  20  1:59  Queen, Zergling x2  
  23  2:04  Drone  
  24  2:15  Queen  
  24  2:19  Drone  
  27  2:31  Roach Warren  
  27  2:32  Extractor  
  27  2:34  Drone  
  26  2:37  Drone  
  26  2:43  Overlord  
  27  2:47  Drone  
  27  2:50  Drone  
  29  2:54  Drone  
  29  2:56  Drone  
  31  3:00  Drone  
  31  3:04  Zergling x2  
  32  3:08  Drone  
  33  3:14  Zergling x2  
  33  3:15  Roach  
  33  3:18  Roach  
  38  3:22  Roach  
  38  3:25  Zergling x2  
  40  3:28  Roach  
  40  3:31  Drone  
  43  3:38  Overlord  
  43  3:45  Lair  
  43  3:50  Metabolic Boost  
  43  3:56  Drone, Overlord  
  43  3:59  Drone  
  43  4:01  Drone  
  46  4:04  Drone  
  46  4:06  Zergling x2  
  46  4:09  Zergling x2  
  49  4:11  Zergling x2  
  50  4:18  Drone, Evolution Chamber  
  50  4:23  Drone, Evolution Chamber  
  50  4:25  Drone  
  50  4:27  Drone  
  50  4:29  Drone  
  53  4:32  Drone  
  54  4:44  Zerg Missile Weapons Level 1  
  54  4:45  Drone, Hydralisk Den  
  54  4:48  Zerg Ground Armor Level 1  
  54  4:51  Overlord  
  54  4:54  Roach  
  54  4:57  Roach  
  58  5:09  Drone  
  58  5:12  Infestation Pit  
  58  5:13  Overlord  
  58  5:15  Drone  
  58  5:16  Hydralisk  
  58  5:21  Drone  
  62  5:22  Drone  
  63  5:28  Extractor  
  63  5:29  Drone  
  63  5:31  Drone  
  63  5:33  Drone  
  65  5:37  Drone, Overlord  
  66  5:50  Hatchery  
  66  5:54  Infestor  
  67  6:03  Drone  
  68  6:06  Drone  
  68  6:08  Drone, Overlord  
  70  6:15  Drone  
  70  6:17  Drone  
  71  6:20  Drone  
  71  6:21  Drone  
  71  6:22  Hydralisk  
  71  6:24  Drone  
  76  6:32  Drone  
  77  6:39  Extractor  
  76  6:42  Drone  
  77  6:53  Overlord  
  77  6:56  Roach x2  
  77  6:59  Roach  
  83  7:02  Drone  
  83  7:05  Drone  
  85  7:12  Drone  
  80  7:15  Zergling x2  
  67  7:23  Zergling x2  
  67  7:25  Roach x2, Zergling x2  
  67  7:29  Roach  
  63  7:33  Overlord x2  
Show
View Real Time Build Order
Export as new Build Order

IIIIIIIIIII Protoss 

Build Orders: 1 Gate Expand, Zealot Archon, Archon Drop, Dark Templar Rush 

Get SALT Encoding   

  12  0:00  Probe  
  13  0:12  Probe  
  14  0:21  Pylon  
  14  0:24  Probe  
  15  0:39  Probe (Chrono Boost)  
  15  0:42  Gateway  
  17  0:50  Assimilator  
  17  0:51  Probe (Chrono Boost)  
  17  0:56  Probe (Chrono Boost)  
  18  1:05  Probe  
  19  1:18  Probe  
  20  1:28  Nexus  
  20  1:37  Cybernetics Core  
  20  1:45  Probe (Chrono Boost)  
  20  1:46  Assimilator  
  21  1:51  Pylon  
  21  1:57  Probe (Chrono Boost)  
  22  2:03  Probe (Chrono Boost)  
  23  2:12  Probe, Adept (Chrono Boost)  
  26  2:16  Warp Gate  
  26  2:24  Probe  
  26  2:25  Twilight Council  
  28  2:37  Stalker  
  28  2:40  Probe x2 (Chrono Boost)  
  31  2:49  Probe (Chrono Boost)  
  33  2:51  Probe (Chrono Boost)  
  33  2:54  Probe (Chrono Boost)  
  34  3:00  Probe  
  35  3:06  Probe, Dark Shrine  
  35  3:12  Probe  
  37  3:15  Gateway  
  37  3:19  Probe  
  38  3:25  Robotics Facility  
  38  3:29  Gateway  
  38  3:36  Shield Battery  
  38  3:38  Probe x2  
  40  3:44  Pylon  
  40  3:50  Probe x2  
  40  3:51  Assimilator  
  42  4:02  Probe x2  
  44  4:09  Warp Prism (Chrono Boost)  
  44  4:12  Gateway  
  44  4:14  Probe x2  
  48  4:17  Assimilator  
  48  4:26  Probe x2, Pylon  
  50  4:36  Pylon  
  50  5:00  Dark Templar x3  
  56  5:07  Dark Templar  
  56  5:08  Immortal (Chrono Boost)  
  56  5:11  Charge  
  62  5:18  Gateway  
  62  5:21  Gateway  
  62  5:22  Gateway  
  62  5:24  Gateway  
  62  5:34  Pylon  
  62  5:36  Pylon  
  62  5:38  Immortal (Chrono Boost), Pylon  
  66  5:51  Pylon  
  66  5:56  Archon x2  
  66  6:04  Immortal (Chrono Boost)  
  66  6:05  Sentry x2  
  74  6:22  Dark Templar x2  
  74  6:23  Zealot x4  
  86  6:26  Pylon x2  
  86  6:27  Pylon  
  86  6:34  Observer (Chrono Boost)  
  86  6:36  Archon  
  87  6:44  Pylon  
  87  6:54  Dark Templar x2, Zealot x5  
  91  6:57  Zealot  
  91  6:58  Archon  
  101  7:16  Zealot x5  
  101  7:27  Zealot x3  
  107  7:44  Zealot x3  
  107  7:45  Zealot x2  
Tags
 
Add a new tag
Caveats
  • Supply blocks, unpowered buildings, or Contaminate may cause inaccurate times.
  • Supply counts are checked every 10 seconds.